 Dungeon Crawl Stone Soup version 0.19.5 (webtiles) character file.

289 JeffiDaFish the Shield-Bearer (level 6, -2/38 HPs)
             Began as a Gargoyle Fighter on Mar 8, 2017.
             Slain by an ogre
             ... wielding a +0 giant spiked club
              (5 damage)
             ... on level 4 of the Dungeon.
             The game lasted 00:08:01 (2054 turns).

JeffiDaFish the Shield-Bearer (Gargoyle Fighter)    Turns: 2054, Time: 00:08:02

Health: -2/38      AC: 15    Str: 23    XL:     6   Next: 31%
Magic:  6/6        EV:  6    Int:  8    God:
Gold:   188        SH: 11    Dex: 11    Spells: 0 memorised, 5 levels left

rFire  . . .     SeeInvis .     a - +1 flail
rCold  . . .     Gourm    +     r - +0 chain mail
rNeg   + . .     Faith    .     c - +1 shield
rPois  ∞         Spirit   .     b - +0 helmet
rElec  +         Reflect  .     (no cloak)
rCorr  .         Harm     .     (no gloves)
MR     .....                    (no boots)
Stlth  ..........               n - amulet of the gourmand
                                (no ring)
                                k - +3 ring of strength

@: no status effects
A: negative energy resistance 1, electricity resistance, unbreathing,
petrification resistance, rot immunity, AC +4
a: no special abilities


You were on level 4 of the Dungeon.
You were completely stuffed.

You visited 1 branch of the dungeon, and saw 4 of its levels.

You collected 188 gold pieces.

Inventory:

Hand Weapons
 a - a +1 flail (weapon)
Armour
 b - a +0 helmet (worn)
 c - a +1 shield (worn)
 r - a +0 chain mail (worn)
Jewellery
 k - a +3 ring of strength (left hand)
 n - an amulet of the gourmand (around neck)
Scrolls
 e - a scroll of fear
 h - 5 scrolls of identify
 l - 2 scrolls of remove curse
 p - a scroll of enchant weapon
 q - a scroll of amnesia
Potions
 d - a potion of might
 j - a potion of curing
 m - a potion of heal wounds
Comestibles
 f - 2 bread rations
 g - 2 chunks of flesh
 i - a royal jelly


   Skills:
 + Level 3.9 Fighting
 + Level 4.2 Maces & Flails
 + Level 4.1 Armour
 + Level 1.0 Dodging
 + Level 0.2 Stealth
 + Level 4.9 Shields


You had 5 spell levels left.
You didn't know any spells.

Dungeon Overview and Level Annotations

Branches:
Dungeon (4/15)
 Temple: D:4-7

Altars:
Ashenzari
Elyvilon
Makhleb
Qazlal
The Shining One


Innate Abilities, Weirdness & Mutations

You are resistant to torment.
Your stone body is resilient. (AC +4)
You are immune to poison.
You resist negative energy. (rN+)
You are resistant to electric shocks. (rElec)
You can survive without breathing.
You are immune to petrification.
You are immune to rotting.


Message History

You block the ogre's attack.
You barely miss the ogre.
The ogre is heavily wounded.
The ogre hits you but does no damage.
You hit the ogre.
The ogre is severely wounded.
The ogre hits you with a giant spiked club!
You barely miss the ogre.
The ogre is severely wounded.
You block the ogre's attack.
You hit the ogre.
The ogre is severely wounded.
The ogre hits you with a giant spiked club!
* * * LOW HITPOINT WARNING * * *
Your chain mail prevents you from hitting the ogre.
The ogre is severely wounded.
You hit the ogre.
The ogre is almost dead.
The ogre hits you with a giant spiked club.
You die...

..... ..... ....... .. ......
#+# .. ..#+##...####.####.##
......................
............O@.........
#..........##....###...
#............##'###
#....>....#..=...#
...#.........##.....#.........
...#..........+.._[.+........#
.............##.....#........#
§............##......#.......#
§...........##.#+#..#....(..+


You could see an ogre.

Vanquished Creatures
  A crimson imp (D:4)
  The ghost of JeffiDaFish the Grave Robber, a weakling DENe (D:3)
  A bullfrog skeleton (D:4)
  3 orc wizards
  3 adders (D:2)
  2 oozes
  An adder skeleton (D:4)
  2 worms (D:3)
  A dart slug (D:1)
  2 leopard geckos (D:3)
  11 orcs
  A ball python (D:3)
  8 bats
  4 giant cockroaches
  3 goblins
  4 hobgoblins
  3 kobolds
  2 quokkas
  5 frilled lizards
  A goblin skeleton (D:4)
  A goblin zombie (D:4)
  3 hobgoblin zombies (D:4)
  4 kobold zombies (D:4)
  An orc skeleton (D:4)
  3 rats
71 creatures vanquished.

Notes
Turn   | Place    | Note
-------+----------+-------------------------------------------
     0 | D:1      | JeffiDaFish the Gargoyle Fighter began the quest for the Orb.
     0 | D:1      | Reached XP level 1. HP: 14/14 MP: 1/1
    84 | D:1      | Reached XP level 2. HP: 19/19 MP: 2/2
   485 | D:2      | Reached XP level 3. HP: 23/24 MP: 3/3
   644 | D:2      | Found a burning altar of Makhleb.
   917 | D:2      | Found a shattered altar of Ashenzari.
  1052 | D:2      | Reached XP level 4. HP: 29/29 MP: 4/4
  1309 | D:3      | Noticed JeffiDaFish's ghost (weakling DENe)
  1319 | D:3      | Killed JeffiDaFish's ghost
  1319 | D:3      | Reached XP level 5. HP: 12/33 MP: 5/5
  1354 | D:3      | Found a white marble altar of Elyvilon.
  1878 | D:4      | Found a glowing golden altar of the Shining One.
  1884 | D:4      | Reached XP level 6. HP: 38/38 MP: 6/6
  1944 | D:4      | Reached skill level 1 in Dodging
  1985 | D:4      | Found a stormy altar of Qazlal.
  2054 | D:4      | Slain by an ogre

Skill      XL: |  1  2  3  4  5  6 |
---------------+-------------------+-----
Maces & Flails | 3 4 |  4.2
Shields        | 4 |  4.9
Armour         | 4 |  4.1
Dodging        | 1 |  1.0
Fighting       | |  3.9
Stealth        | |  0.2

Action                   |  1- 3 |  4- 6 || total
-------------------------+-------+-------++-------
Melee: Flail             |    86 |   181 ||   267
  Use: Potion            |     5 |     2 ||     7
       Scroll            |     7 |     5 ||    12
  Eat: Chunk             |     3 |    12 ||    15
Armor: Scale mail        |    38 |    87 ||   125
       Chain mail        |       |     3 ||     3
Dodge: Dodged            |    16 |    60 ||    76
Block: Shield            |    44 |   132 ||   176
